 Dungeon Crawl Stone Soup version 0.18.1-1-g2f07953 (webtiles) character file.

573992 Peloso the Minotaur Barricade (level 25, -5/218 HPs)
             Began as a Minotaur Fighter on May 7, 2016.
             Was the Champion of Okawaru.
             Splashed by an acid blob's acid (6 damage)
             ... on level 6 of the Pits of Slime on May 8, 2016.
             The game lasted 04:58:35 (64589 turns).

Peloso the Minotaur Barricade (Minotaur Fighter)   Turns: 64589, Time: 04:58:36

Health: -5/218     AC:  0    Str: 45    XL:     25   Next: 72%
Magic:  0/29       EV: 24    Int:  8    God:    Okawaru [******]
Gold:   5685       SH: 33    Dex: 24    Spells: 0 memorised, 24 levels left

rFire  + + .     SeeInvis .     J - +7 double sword of Eternal Vigilance {elec, Dex+4}
rCold  + . .     Gourm    .     j - +1 scale mail "Tuomoen" {rF+ rN+ rCorr Dex+3}
rNeg   + . .     Faith    .     R - +1 large shield of Satisfaction {MR- Str+7 Int+3}
rPois  .         Spirit   +     F - +2 hat {MR+}
rElec  .         Dismiss  .     D - +2 cloak {MR+}
rCorr  +         Reflect  .     M - +2 pair of gloves {Dex+3}
SustAt .         Harm     .     i - +2 pair of boots {Fly}
MR     +++..     Rnd*Rage +     A - amulet of guardian spirit
Stlth  +++++.....               m - ring of the Seven Hells {rF+ Str+2 Slay+3 Stlth+}
                                B - ring "Pojacop" {MR+ MP+9 Str+4 Stlth+}

@: mighty, corroded, flying, extremely resistant to hostile enchantments, quite
stealthy
A: retaliatory headbutt, horns 2, talons 1, slimy green scales 1, berserk 1,
blurry vision 1, cold resistance 1, deformed body, frail 1, low mp 2, weak 1,
MP-powered wands
a: Heroism, Finesse, Renounce Religion, Stop Flying
}: 3/15 runes: decaying, serpentine, silver


You were on level 6 of the Pits of Slime.
You worshipped Okawaru.
Okawaru was exalted by your worship.
You were hungry.

You visited 10 branches of the dungeon, and saw 51 of its levels.
You also visited: Ice Cave and Wizlab.

You collected 7379 gold pieces.
You spent 1694 gold pieces at shops.

Inventory:

Hand Weapons
 a - the +9 falchion of the Whale {slice, Str+4}
   (Okawaru gifted it to you on level 6 of the Pits of Slime)

   It inflicts extra damage upon your enemies.
   It affects your strength (+4).
 k - a +7 double sword of flaming
 J - the +7 double sword of Eternal Vigilance (weapon) {elec, Dex+4}
   (Okawaru gifted it to you on level 3 of the Elven Halls)

   Occasionally, upon striking a foe, it will discharge some electrical energy
   and cause terrible harm.
   It affects your dexterity (+4).
 Y - the +3 long sword "Sutesm" {flame, +Rage SInv}
   (Okawaru gifted it to you on level 1 of the Snake Pit)

   It has been specially enchanted to burn those struck by it, causing extra
   injury to most foes and up to half again as much damage against particularly
   susceptible opponents.
   Big, fiery blades are also staple armaments of hydra-hunters.
   It lets you see invisible.
   It lets you go berserk.
Armour
 i - a +2 pair of boots of flying (worn)
 j - the +1 scale mail "Tuomoen" (worn) {rF+ rN+ rCorr Dex+3}
   (You found it on level 10 of the Dungeon)

   It affects your dexterity (+3).
   It protects you from fire.
   It protects you from negative energy.
   It protects you from acid and corrosion.
 D - a +2 cloak of magic resistance (worn)
 F - a +2 hat of magic resistance (worn)
 G - the +5 shadow dragon armour of Pimi {*Contam rElec rC+ Int+2 Stlth++++}
   (Okawaru gifted it to you on level 2 of the Snake Pit)

   It affects your intelligence (+2).
   It protects you from cold.
   It insulates you from electricity.
   It causes magical contamination when unequipped.
   It makes you much more stealthy.
 M - a +2 pair of gloves of dexterity (worn)
 R - the +1 large shield of Satisfaction (worn) {MR- Str+7 Int+3}
   (You took it off a deep elf mage on level 3 of the Elven Halls)

   It affects your strength (+7).
   It affects your intelligence (+3).
   It affects your resistance to hostile enchantments.
Jewellery
 m - the ring of the Seven Hells (right hand) {rF+ Str+2 Slay+3 Stlth+}
   (You bought it in a shop on level 2 of the Orcish Mines)

   [ring of protection from fire]

   It affects your strength (+2).
   It affects your accuracy and damage with ranged weapons and melee attacks
   (+3).
   It protects you from fire.
   It makes you more stealthy.
 A - an amulet of guardian spirit (around neck)
 B - the ring "Pojacop" (left hand) {MR+ MP+9 Str+4 Stlth+}
   (You took it off a yaktaur captain on level 5 of the Vaults)

   [ring of protection from magic]

   It affects your strength (+4).
   It affects your resistance to hostile enchantments.
   It affects your magic capacity (+9).
   It makes you more stealthy.
 L - an uncursed amulet of regeneration
 T - the ring "Zuabay" {rPois rF+ rC- MR+ SInv}
   (You took it off a vault warden on level 5 of the Vaults)

   [ring of see invisible]

   It protects you from fire.
   It makes you vulnerable to cold.
   It protects you from poison.
   It affects your resistance to hostile enchantments.
   It lets you see invisible.
 Z - an uncursed ring of protection from fire
Wands
 s - a wand of digging (11/24)
 N - a wand of polymorph (8/24)
 P - a wand of disintegration (1/24)
 S - a wand of heal wounds (3/9)
Scrolls
 c - 7 scrolls of summoning
 g - 5 scrolls of recharging
 h - 5 scrolls of teleportation
 n - 8 scrolls of blinking
 o - 16 scrolls of remove curse
 p - 6 scrolls of magic mapping
 r - 7 scrolls of enchant armour
 z - 9 scrolls of identify
 K - 6 scrolls of fear
 O - a scroll of silence
Potions
 b - 2 potions of might
 e - 6 potions of curing
 q - 7 potions of haste
 t - 3 potions of brilliance
 v - 4 potions of resistance
 x - 5 potions of berserk rage
Comestibles
 f - 26 bread rations
 w - 21 meat rations


   Skills:
 + Level 23.5 Fighting
 O Level 27 Long Blades
 + Level 16.6 Armour
 + Level 16.7 Dodging
 + Level 9.0 Stealth
 O Level 27 Shields
 + Level 5.1 Invocations
 + Level 1.8 Evocations


You had 24 spell levels left.
You didn't know any spells.

Dungeon Overview and Level Annotations

Branches:
Dungeon (15/15)            Temple (1/1) D:5            Lair (8/8) D:9
  Swamp (4/4) Lair:4        Snake (4/4) Lair:4        Slime (6/6) Lair:7
    Orc (2/2) D:9             Elf (3/3) Orc:2        Vaults (5/5) D:13
  Crypt (3/3) Vaults:3       Tomb (0/3) Crypt:3      Depths (0/5) D:15

Altars:
Ashenzari
Cheibriados
Dithmenos
Elyvilon
Fedhas
Gozag
Kikubaaqudgha
Makhleb
Nemelex Xobeh
Okawaru
Pakellas
Qazlal
Ru
Sif Muna
Trog
Vehumet
Xom
Yredelemnul
Zin
The Shining One
Jiyva

Shops:
D:2 *   D:4 *   D:5 }   D:8 !   D:13 }   D:14 (   Orc:1 *   Orc:2 [[*(=
Elf:3 !   Snake:1 *   Snake:3 *

Portals:
Trove: D:13 (give 8 potions of haste)


Innate Abilities, Weirdness & Mutations

You reflexively headbutt those who attack you in melee.
You have a pair of horns on your head.
You have sharp toenails.
You are partially covered in slimy green scales (AC +2).
You tend to lose your temper in combat.
Scrolls take you a little longer to read.
Your flesh is cold resistant.
Armour fits poorly on your strangely shaped body.
You are frail (-10% HP).
Your magical capacity is very low (-20% MP).
You are weak. (Str -2)
You expend magic power (3 MP) to strengthen your wands.


Message History

You block the splash of acid. You block the acid blob's attack.
The acid blob quivers.
The death ooze quivers.
The azure jelly jiggles.
The acid blob spits acid at you. The splash of acid hits you! You resist.
* * * LOW HITPOINT WARNING * * *
The acid corrodes you!
The acid burns!
You resist.
* * * LOW HITPOINT WARNING * * *
You block the acid blob's attack. The acid blob spits acid at you.
The splash of acid hits you! You resist.
* * * LOW HITPOINT WARNING * * *
The acid corrodes you!
The acid burns!
You resist.
* * * LOW HITPOINT WARNING * * *
There is a stone staircase leading up here.
The acid blob spits acid at you. The splash of acid hits you! You resist.
* * * LOW HITPOINT WARNING * * *
The acid corrodes you!
The acid burns!
You resist.
You die...

,,,,,,,....................,,,,,,
,,,,,,,....................,,,,,,
,,,,,,,....................,,,,,,
,,,,,,,........JJ..........,,,,,,
,,,,,,,.........JJ.........,,,,,,
,*,,,,,........J...........,,,,,*
**,,,,,.........J..........,,,,,*
*,,,,*,,.......JJ.........,,,***
**,,,***.......@..........**,*
*,,** *#.............####****
**** #..........#### ##.#...##.##
#####.,### ##**


You could see 4 acid blobs, 3 azure jellies and a death ooze.

Vanquished Creatures
  the Royal Jelly (Slime:6)
  2 ancient liches (Crypt:3)
  Khufu (Crypt:3)
  Mara (Swamp:3)
  3 greater mummies
  Frederick (Vaults:4)
  Margery (Vaults:3)
  Vashnia (Snake:2)
  A curse toe (Crypt:3)
  2 golden dragons (Vaults:5)
  Nikola (Snake:1)
  Xtahua (Crypt:2)
  A Hellbinder (WizLab)
  Jorgrun (Snake:4)
  A lich (Crypt:3)
  An Ice Fiend (IceCv)
  Asterion (Snake:4)
  5 deep elf master archers (Elf:3)
  A tentacled monstrosity (Vaults:2)
  6 deep elf blademasters
  8 titans (Vaults:5)
  A quicksilver dragon (Vaults:5)
  Frances (D:13)
  10 acid blobs
  7 shadow dragons
  6 sphinxes
  Gastronok (Lair:1)
  2 storm dragons (Vaults:5)
  5 tengu reavers
  6 ancient champions
  Kirke (Snake:4)
  2 azure jellies
  9 greater nagas
  5 fire giants
  6 frost giants
  Donald (Snake:4)
  2 iron dragons (Vaults:5)
  Wiglaf (Snake:2)
  Aizul (Snake:3)
  Maud (D:11)
  A cacodemon (WizLab)
  4 deep elf sorcerers (Elf:3)
  Louise (Swamp:2)
  20 vault wardens
  3 orc warlords
  3 curse skulls (Crypt:3)
  9 ghouls
  3 deep elf elementalists (Elf:3)
  17 ironheart preservers
  A war gargoyle (Vaults:5)
  2 reapers
  8 very ugly things
  9 stone giants
  8 vampire knights
  7 deep elf demonologists
  2 salamander stormcallers
  The ghost of Stigweard the Severer, a journeyman MiBe of Trog (Orc:2)
  13 deep elf annihilators
  Azrael (D:14)
  Snorg (D:13)
  4 green deaths
  5 eidola
  5 death oozes
  6 deep elf death magi
  9 jiangshi
  A quicksilver dragon zombie (Crypt:3)
  4 ettins
  6 fire dragons
  32 vault guards
  Erolcha (D:9)
  14 yaktaur captains
  A great orb of eyes (Vaults:4)
  3 rakshasas
  3 ice dragons
  2 deep elf high priests
  3 hell beasts
  A quicksilver dragon skeleton (Crypt:1)
  16 naga warriors
  13 hydras
  Harold (D:11)
  6 ghost crabs
  4 centaur warriors
  6 death knights
  9 anacondas
  13 ogre magi
  Erica (D:9)
  An alligator (shapeshifter) (Vaults:5)
  6 alligators
  8 death yaks
  A tengu warrior (D:14)
  2 deep troll shamans
  2 thrashing horrors (Swamp:4)
  4 deep troll earth magi
  A shock serpent (shapeshifter) (Vaults:5)
  9 vampire magi
  32 dancing weapons
  Sonja (D:13)
  23 naga sharpshooters
  5 orc high priests
  7 shock serpents
  Urug (D:12)
  2 sun demons (WizLab)
  3 large abominations
  5 soul eaters
  24 deep elf knights
  2 storm dragon zombies
  A small abomination (Elf:3)
  4 hell knights (Vaults:3)
  16 skeletal warriors
  2 fire crabs
  12 deep trolls
  7 shadow wraiths
  A giant orange brain (shapeshifter) (Vaults:2)
  3 salamander mystics
  A ghost moth zombie (Crypt:1)
  A deep troll (shapeshifter) (D:15)
  9 unseen horrors
  6 flayed ghosts
  2 shambling mangroves
  4 harpies (Vaults:1)
  A wolf spider zombie (D:13)
  A giant orange brain (Slime:6)
  8 swamp dragons
  16 naga ritualists
  30 deep elf archers
  13 ironbrand convokers
  A lindwurm (shapeshifter) (Vaults:5)
  5 necromancers
  4 wizards
  6 wolf spiders
  8 orc sorcerers
  11 phantasmal warriors
  5 hill giants
  2 iron dragon zombies (Crypt:1)
  Pikel (D:9)
  16 orc knights
  5 shining eyes
  13 mana vipers
  An apis zombie (Crypt:1)
  A frost giant zombie (Crypt:1)
  A hornet (Vaults:4)
  A faun (shapeshifter) (Vaults:5)
  9 griffons
  50 ugly things
  10 elephants
  9 cyclopes
  A moth of wrath (shapeshifter) (Vaults:4)
  13 salamanders
  81 deep elf magi
  A salamander (shapeshifter) (Vaults:5)
  A frost giant skeleton (Crypt:1)
  6 guardian serpents
  A manticore (D:15)
  66 black mambas
  A stone giant skeleton (Crypt:3)
  2 hornets (shapeshifter)
  An eye of devastation (Slime:1)
  An iron dragon skeleton (Crypt:1)
  Maurice (D:8)
  24 vault sentinels
  A torpor snail (Lair:4)
  An alligator snapping turtle zombie (Crypt:2)
  A guardian serpent (shapeshifter) (Vaults:3)
  35 naga magi
  3 ice statues (IceCv)
  23 spiny frogs
  A green draconian zombie (Crypt:1)
  43 yaktaurs
  4 orange demons
  An emperor scorpion zombie (Crypt:3)
  A catoblepas zombie (Crypt:3)
  An efreet (D:14)
  3 anaconda simulacra (IceCv)
  2 golden dragon simulacra (IceCv)
  5 guardian mummies (Crypt:3)
  13 ice devils
  4 rime drakes (Lair:8)
  A tormentor (WizLab)
  7 komodo dragons
  12 freezing wraiths
  2 kobold demonologists
  A pale draconian skeleton (Crypt:2)
  A sea snake skeleton (Crypt:2)
  A merfolk (D:9)
  A troll (shapeshifter) (Vaults:1)
  2 polar bears (D:9)
  20 two-headed ogres
  9 trolls
  A tengu conjurer (D:15)
  96 slime creatures
  16 bog bodies
  8 boulder beetles
  5 giant leeches
  A moth of wrath zombie (Crypt:3)
  2 hydra skeletons (Crypt:3)
  29 blink frogs
  A snapping turtle (shapeshifter) (Vaults:4)
  5 spriggans
  12 redbacks
  10 shadows
  13 wraiths
  3 ynoxinuls (WizLab)
  A redback (shapeshifter) (Vaults:1)
  A spriggan (shapeshifter) (Vaults:4)
  7 air elementals
  6 flying skulls
  8 water elementals
  7 wyverns
  21 yaks
  A yak (shapeshifter) (Vaults:2)
  A vampire (D:14)
  A wyvern (shapeshifter) (Vaults:5)
  17 humans (D:13)
  Grum (D:10)
  6 basilisks
  20 killer bees
  9 fire elementals
  11 golden eyes
  3 hogs (D:9)
  A catoblepas simulacrum (Crypt:3)
  2 humans (shapeshifter)
  34 vampire mosquitoes
  A wind drake skeleton (Crypt:1)
  17 hippogriffs
  A steam dragon (Lair:8)
  3 iron troll simulacra (IceCv)
  A glowing shapeshifter zombie (Crypt:2)
  A hippogriff (shapeshifter) (Elf:2)
  4 mottled dragons
  5 wargs
  15 insubstantial wisps
  2 soldier ants
  61 nagas
  13 swamp worms
  A hydra simulacrum (IceCv)
  18 water moccasins
  8 porcupines
  3 hell hounds (D:14)
  A putrid demonspawn skeleton (Crypt:1)
  6 swamp drakes
  2 necrophages (Crypt:3)
  59 orc warriors
  3 slaves (D:9)
  7 eyes of draining
  2 sky beasts
  A spiny frog skeleton (Crypt:1)
  8 black bears
  2 phantoms
  3 ice beasts
  An ettin simulacrum (IceCv)
  53 ogres
  15 wasps
  A wolf (shapeshifter) (Vaults:5)
  24 wolves
  A centaur (shapeshifter) (Vaults:5)
  14 crocodiles
  20 centaurs
  17 big kobolds
  A giant frog (shapeshifter) (Vaults:4)
  21 giant frogs
  An ogre simulacrum (Vaults:1)
  3 wyvern zombies
  5 earth elementals
  2 wyvern skeletons
  10 scorpions
  The ghost of tyrsky the Ruffian, a weakling TrMo of Qazlal (D:3)
  A yak zombie (Crypt:2)
  12 wights
  A raiju skeleton (Crypt:1)
  A troll skeleton (Crypt:3)
  26 jellies
  3 howler monkeys
  A wolf zombie (Crypt:3)
  An electric eel (D:15)
  3 crimson imps
  4 centaur zombies
  26 orc priests
  4 giant frog zombies
  6 hounds
  A giant frog skeleton (D:10)
  Crazy Yiuf (D:4)
  6 centaur skeletons
  Ijyb (D:1)
  9 iguanas
  27 orc wizards
  3 hell rats (D:8)
  17 worker ants
  A boulder beetle simulacrum (Vaults:2)
  29 sheep
  A felid zombie (Crypt:2)
  7 mummies (Crypt:3)
  A hell rat zombie (Crypt:3)
  A howler monkey zombie (D:7)
  A hell rat skeleton (Crypt:3)
  25 adders
  3 gnolls (Orc:2)
  A howler monkey skeleton (D:5)
  43 river rats
  4 shadow imps
  An adder zombie (D:7)
  A lava snake zombie (Crypt:3)
  12 oozes
  2 adder skeletons
  6 worms
  A dart slug (D:2)
  2 giant geckos
  124 orcs
  A ball python (D:4)
  A bat skeleton (Crypt:2)
  6 giant cockroaches
  7 goblins
  12 hobgoblins
  8 jackals
  5 quokkas
  11 bats
  2 giant cockroach zombies (D:5)
  7 giant newts
  25 kobolds
  A kobold skeleton (Crypt:2)
  A quokka skeleton (D:9)
  A quokka zombie (D:7)
  28 rats
  A bush (D:15)
  A fungus (Elf:2)
  A lost soul (Crypt:2)
  A plant (Orc:2)
2565 creatures vanquished.

Vanquished Creatures (others)
  An ogre mage (Vaults:5)
  An unseen horror (Vaults:1)
  A spriggan druid (Swamp:2)
  A naga ritualist (Snake:3)
  A deep elf mage (Elf:1)
  An ugly thing (Swamp:4)
  An orange demon (Swamp:4)
  7 humans (Snake:4)
  A swamp worm (Swamp:3)
  A slave (D:9)
  A hound (D:12)
  A jackal (D:11)
  2 bats (D:9)
  14 bushes (D:15)
  33 fungi
  2 lost souls
  9 plants (Lair:8)
78 creatures vanquished.

Grand Total: 2643 creatures vanquished

Notes
Turn   | Place    | Note
--------------------------------------------------------------
     0 | D:1      | Peloso the Minotaur Fighter began the quest for the Orb.
     0 | D:1      | Reached XP level 1. HP: 19/19 MP: 0/0
   255 | D:1      | Reached XP level 2. HP: 27/27 MP: 1/1
   609 | D:2      | Noticed Ijyb
   612 | D:2      | Reached XP level 3. HP: 25/33 MP: 2/2
   689 | D:1      | Killed Ijyb
   765 | D:2      | Found Zin's Purification Station.
   767 | D:2      | Reached skill level 1 in Dodging
   769 | D:2      | Found a glowing silver altar of Zin.
   842 | D:2      | Reached XP level 4. HP: 41/41 MP: 3/3
  1034 | D:2      | Found a shimmering altar of Xom.
  1280 | D:3      | Found a burning altar of Makhleb.
  1315 | D:3      | Reached XP level 5. HP: 28/47 MP: 4/4
  1330 | D:3      | Noticed tyrsky's ghost (weakling TrMo)
  1341 | D:3      | Killed tyrsky's ghost
  1531 | D:3      | Reached skill level 5 in Shields
  1534 | D:3      | Reached skill level 5 in Armour
  1534 | D:3      | Reached XP level 6. HP: 33/55 MP: 5/5
  2084 | D:4      | Reached skill level 5 in Fighting
  2123 | D:4      | Found a basalt altar of Yredelemnul.
  2261 | D:4      | Noticed Crazy Yiuf
  2268 | D:4      | Killed Crazy Yiuf
  2409 | D:4      | Noticed a hippogriff
  2419 | D:4      | Killed a hippogriff
  2419 | D:4      | Reached XP level 7. HP: 44/61 MP: 6/6
  2752 | D:4      | Found Qeqemopn's Serpentskin Sales.
  2950 | D:5      | Entered Level 5 of the Dungeon
  3065 | D:5      | Found a staircase to the Ecumenical Temple.
  3074 | Temple   | Entered the Ecumenical Temple
  3206 | D:5      | Found a sacrificial altar of Ru.
  3367 | D:5      | Reached skill level 5 in Long Blades
  3367 | D:5      | Reached skill level 1 in Stealth
  3699 | D:5      | Found an oddly glowing altar of Pakellas.
  3699 | D:5      | Found Pakellas's Prime Provisions.
  3734 | D:5      | Reached XP level 8. HP: 63/70 MP: 7/7
  3997 | D:6      | Found a sparkling altar of Nemelex Xobeh.
  4291 | D:6      | Found a stormy altar of Qazlal.
  4392 | D:7      | Found an iron altar of Okawaru.
  4397 | D:7      | Became a worshipper of Warmaster Okawaru
  4485 | D:7      | Reached skill level 5 in Dodging
  4836 | D:7      | Reached * piety under Okawaru
  4849 | D:7      | Reached XP level 9. HP: 74/79 MP: 8/8
  5198 | D:8      | Found Curghoyj's Distillery.
  5332 | D:8      | Found a snail-covered altar of Cheibriados.
  5688 | D:8      | Reached ** piety under Okawaru
  5899 | D:8      | Noticed a cyclops
  5952 | D:8      | Killed a cyclops
  5952 | D:8      | Reached skill level 10 in Shields
  6102 | D:8      | Reached *** piety under Okawaru
  6228 | D:8      | Noticed Maurice
  6698 | D:9      | Reached XP level 10. HP: 82/88 MP: 9/9
  6766 | D:9      | Reached skill level 1 in Invocations
  6841 | D:9      | Noticed Erolcha
  6848 | D:9      | Paralysed by Erolcha for 5 turns
  6856 | D:9      | Paralysed by Erolcha for 6 turns
  6985 | D:9      | Found a staircase to the Lair.
  7001 | D:9      | Noticed Pikel
  7014 | D:9      | Killed Pikel
  7031 | D:9      | Found a blossoming altar of Fedhas.
  7034 | D:9      | Found an ancient bone altar of Kikubaaqudgha.
  7112 | D:9      | Killed Erolcha
  7160 | D:9      | Found a huge runed gate.
  7160 | D:9      | Found a huge runed gate.
  7160 | D:9      | Found a huge runed gate.
  7160 | D:9      | Found a huge runed gate.
  7160 | D:9      | Noticed a griffon
  7160 | D:9      | Noticed a griffon
  7173 | D:9      | Noticed Erica
  7213 | D:9      | Killed Erica
  7213 | D:9      | Reached **** piety under Okawaru
  7263 | D:9      | Killed a griffon
  7271 | D:9      | Reached XP level 11. HP: 88/95 MP: 11/11
  7317 | D:9      | Killed a griffon
  7321 | D:9      | Reached ***** piety under Okawaru
  7322 | D:9      | Reached skill level 10 in Long Blades
  7372 | D:9      | Found a staircase to the Orcish Mines.
  7872 | D:10     | Entered Level 10 of the Dungeon
  7938 | D:10     | Noticed Grum
  7947 | D:10     | Killed Grum
  8044 | D:10     | Got a warped chain mail
  8074 | D:10     | Identified the +6 chain mail of Midsummer {rPois Stlth+} (You found it on level 10 of the Dungeon)
  8114 | D:10     | Got a smelly scale mail
  8248 | D:10     | Found a shadowy altar of Dithmenos.
  8508 | D:11     | Noticed a hill giant
  8522 | D:10     | Killed a hill giant
  8582 | D:11     | Noticed Maud
  8610 | D:11     | Killed Maud
  8750 | D:11     | Noticed Harold
  8761 | D:11     | Killed Harold
  8761 | D:11     | Received a gift from Okawaru
  9001 | D:11     | Killed an unseen horror
  9055 | D:11     | Noticed a five-headed hydra
  9064 | D:11     | Killed a one-headed hydra
  9075 | D:11     | Reached XP level 12. HP: 102/106 MP: 10/12
  9359 | D:12     | Reached skill level 10 in Armour
  9371 | D:12     | Reached skill level 10 in Fighting
  9594 | D:12     | Noticed Urug
  9609 | D:12     | Killed Urug
  9927 | D:12     | Gained mutation: You are partially covered in slimy green scales (AC +2). [potion of beneficial mutation]
 10010 | Lair:1   | Entered Level 1 of the Lair of Beasts
 10329 | Lair:1   | Reached ****** piety under Okawaru
 10639 | Lair:1   | Noticed Gastronok
 10655 | Lair:1   | Killed Gastronok
 10655 | Lair:1   | Received a gift from Okawaru
 10669 | Lair:1   | You fall through a shaft!
 10674 | Lair:2   | Noticed a seven-headed hydra
 10681 | Lair:2   | Killed a three-headed hydra
 11076 | Lair:2   | Received a gift from Okawaru
 11117 | Lair:2   | Reached skill level 15 in Shields
 11997 | Lair:1   | Identified the cursed +1 scale mail "Tuomoen" {rF+ rN+ rCorr Dex+3} (You found it on level 10 of the Dungeon)
 12359 | Lair:3   | Reached XP level 13. HP: 116/116 MP: 13/13
 12979 | Lair:4   | Found a staircase to the Snake Pit.
 13003 | Lair:4   | Found a staircase to the Swamp.
 13823 | Lair:4   | Received a gift from Okawaru
 13826 | Lair:4   | Got a faintly glowing ring mail {god gift}
 13837 | Lair:4   | Identified the +1 ring mail of Subjectivity {Str+7} (Okawaru gifted it to you on level 4 of the Lair of Beasts)
 15441 | Lair:7   | Received a gift from Okawaru
 15444 | Lair:7   | Got a pair of scorched gloves {god gift}
 15455 | Lair:7   | Identified the -5 pair of gloves of Purpose {+Blink rElec Dex+3} (Okawaru gifted it to you on level 7 of the Lair of Beasts)
 15587 | Lair:7   | Reached XP level 14. HP: 116/126 MP: 15/15
 15925 | Lair:7   | Found a viscous altar of Jiyva.
 15925 | Lair:7   | Found a staircase to the Slime Pits.
 16219 | Lair:8   | Entered Level 8 of the Lair of Beasts
 17443 | Lair:7   | Reached skill level 15 in Long Blades
 18106 | Orc:1    | Entered Level 1 of the Orcish Mines
 18173 | Orc:1    | Found Yngaisya's Assorted Antiques.
 18218 | Orc:1    | Bought a scroll labeled FORUNL MAIDO for 36 gold pieces
 18218 | Orc:1    | Bought a scroll labeled FORUNL MAIDO for 36 gold pieces
 18218 | Orc:1    | Bought a fuming blue potion for 32 gold pieces
 18460 | Orc:1    | Received a gift from Okawaru
 18468 | Orc:1    | Got an ebony long sword {god gift}
 18469 | Orc:1    | Identified the +5 long sword of Termination {slice, MR+ Dex+2} (Okawaru gifted it to you on level 1 of the Orcish Mines)
 18631 | Orc:2    | Entered Level 2 of the Orcish Mines
 18898 | Orc:1    | Noticed a stone giant
 18916 | Orc:1    | Killed a stone giant
 19108 | Orc:2    | Found Loaw's Antique Armour Emporium.
 19171 | Orc:2    | Noticed an orc warlord
 19197 | Orc:2    | Killed an orc warlord
 19508 | Orc:2    | Received a gift from Okawaru
 19508 | Orc:2    | Reached XP level 15. HP: 118/135 MP: 16/16
 19509 | Orc:2    | Got a jewelled cloak {god gift}
 19529 | Orc:1    | Identified the +1 cloak of Nobility {rPois Int+3} (Okawaru gifted it to you on level 2 of the Orcish Mines)
 19682 | Orc:2    | Found Ytsiud's Antique Armour Boutique.
 19683 | Orc:2    | Found Mizaewag's Antique Weapon Boutique.
 19684 | Orc:2    | Found Suarrut's General Store.
 19684 | Orc:2    | Found Ijautoargh's Jewellery Shop.
 19709 | Orc:2    | Bought the ring of the Seven Hells {rF+ Str+2 Slay+3 Stlth+} for 619 gold pieces
 19751 | Orc:2    | Noticed Stigweard's ghost (journeyman MiBe)
 19790 | Orc:2    | Killed Stigweard's ghost
 20214 | Orc:2    | Found a staircase to the Elven Halls.
 20483 | Orc:1    | Noticed an orc warlord
 20640 | Orc:1    | Killed an orc warlord
 20965 | D:13     | Found Pireacex's Quality Used Wands.
 20970 | D:13     | Noticed Snorg
 20982 | D:13     | Killed Snorg
 21009 | D:13     | Noticed Frances
 21029 | D:13     | Killed Frances
 21275 | D:13     | Found a gate to the Vaults.
 21313 | D:13     | Received a gift from Okawaru
 21657 | D:13     | Noticed Sonja
 21685 | D:13     | Killed Sonja
 21793 | D:13     | Found a portal to a secret trove of treasure.
 22108 | D:14     | Found Vusif's Antique Weapon Boutique.
 22335 | D:14     | Noticed Azrael
 22343 | D:14     | Killed Azrael
 22925 | D:14     | Received a gift from Okawaru
 23069 | D:15     | Entered Level 15 of the Dungeon
 23086 | D:15     | Noticed a fire giant
 23088 | D:15     | Found a staircase to the Depths.
 23091 | D:15     | Killed a fire giant
 23157 | D:15     | Reached XP level 16. HP: 122/145 MP: 17/17
 23260 | D:15     | Received a gift from Okawaru
 23559 | D:15     | Found a radiant altar of Vehumet.
 23649 | D:15     | Reached skill level 10 in Dodging
 24357 | Snake:1  | Entered Level 1 of the Snake Pit
 24364 | Snake:1  | Found Hubaniess's Assorted Antiques.
 24372 | Snake:1  | Bought a shiny ruby ring for 190 gold pieces
 24372 | Snake:1  | Bought an iron ring for 190 gold pieces
 24460 | Snake:1  | Found a frozen archway.
 24699 | IceCv    | Entered an ice cave
 25395 | IceCv    | Noticed an Ice Fiend
 25415 | IceCv    | Got a blackened trident
 25417 | IceCv    | Got a fabulously ornate robe
 25431 | IceCv    | Killed an Ice Fiend
 25967 | Snake:1  | Received a gift from Okawaru
 26021 | Snake:1  | Got an ichor-stained long sword {god gift}
 26022 | Snake:1  | Identified the +3 long sword "Sutesm" {flame, +Rage SInv} (Okawaru gifted it to you on level 1 of the Snake Pit)
 26031 | Snake:1  | Identified the +7 trident "Byfiomm" {drain, *Noise rPois MR++ Str+3} (You found it in an ice cave)
 26662 | Snake:2  | Noticed Nikola
 27073 | Snake:1  | HP: 1/147 [Nikola/chain lightning (21)]
 27085 | Snake:1  | Killed Nikola
 27085 | Snake:1  | Reached XP level 17. HP: 55/154 MP: 18/18
 27459 | Snake:2  | Received a gift from Okawaru
 27689 | Snake:2  | Got a steaming shadow dragon armour {god gift}
 27701 | Snake:2  | Identified the +5 shadow dragon armour of Pimi {*Contam rElec rC+ Int+2 Stlth++++} (Okawaru gifted it to you on level 2 of the Snake Pit)
 27908 | Snake:2  | Noticed Wiglaf
 27918 | Snake:2  | Killed Wiglaf
 27918 | Snake:2  | Reached skill level 15 in Fighting
 28284 | Snake:2  | Noticed Vashnia
 28324 | Snake:2  | Killed Vashnia
 29827 | Snake:3  | Found Desh's Assorted Antiques.
 29838 | Snake:3  | Bought a glowing purple potion for 27 gold pieces
 29846 | Snake:3  | Noticed Aizul
 29859 | Snake:3  | Received a gift from Okawaru
 29870 | Snake:3  | Killed Aizul
 29875 | Snake:3  | Received a gift from Okawaru
 30659 | Snake:4  | Entered Level 4 of the Snake Pit
 30678 | Snake:4  | Gained mutation: You have sharp toenails. [potion of beneficial mutation]
 30784 | Snake:4  | Received a gift from Okawaru
 30801 | Snake:4  | Noticed Kirke
 30809 | Snake:4  | Killed Kirke
 30965 | Snake:4  | Reached XP level 18. HP: 91/163 MP: 20/20
 31085 | Snake:4  | Noticed Jorgrun
 31461 | Snake:4  | Killed Jorgrun
 31641 | Snake:4  | Noticed Asterion
 31696 | Snake:4  | Noticed Donald
 32053 | Snake:4  | Killed Donald
 32644 | Snake:4  | Received a gift from Okawaru
 32664 | Snake:4  | Got a pitted falchion {god gift}
 32665 | Snake:4  | Identified the +6 falchion of Ytoirgh {distort, Str+4} (Okawaru gifted it to you on level 4 of the Snake Pit)
 33018 | Snake:4  | Killed Asterion
 33206 | Snake:4  | Received a gift from Okawaru
 33781 | Snake:4  | Got a serpentine rune of Zot
 34438 | Swamp:1  | Entered Level 1 of the Swamp
 34597 | Swamp:1  | You fall through a shaft!
 35636 | Swamp:2  | Noticed Louise
 35640 | Swamp:2  | Received a gift from Okawaru
 35644 | Swamp:2  | Got a bloodstained double sword {god gift}
 35664 | Swamp:2  | Killed Louise
 35667 | Swamp:2  | Identified the +2 double sword of the End {venom, Str+4} (Okawaru gifted it to you on level 2 of the Swamp)
 35980 | Swamp:4  | Entered Level 4 of the Swamp
 36106 | Swamp:3  | Reached XP level 19. HP: 165/172 MP: 21/21
 36268 | Swamp:3  | Noticed Mara
 36278 | Swamp:3  | Noticed Peloso's illusion
 36321 | Swamp:3  | Killed Mara
 36447 | Swamp:3  | Received a gift from Okawaru
 37978 | Swamp:4  | Got a decaying rune of Zot
 38718 | D:8      | Bought a potion of might for 56 gold pieces
 39043 | D:11     | You fall through a shaft!
 39079 | D:12     | You fall through a shaft for 2 floors!
 39470 | Elf:1    | Entered Level 1 of the Elven Halls
 39701 | Elf:1    | Received a gift from Okawaru
 39829 | Elf:1    | Identified Itzum's Handbook of Damage Dealing
 40794 | Elf:1    | Reached skill level 1 in Evocations
 41103 | Elf:2    | Reached XP level 20. HP: 184/184 MP: 22/22
 41307 | Elf:2    | Found a runed door.
 41316 | Elf:2    | Found a runed door.
 42211 | Elf:3    | Entered Level 3 of the Elven Halls
 42265 | Elf:3    | Found Jus Xioj's Distillery.
 42287 | Elf:3    | Bought a potion of might for 68 gold pieces
 42287 | Elf:3    | Bought a potion of heal wounds for 85 gold pieces
 42287 | Elf:3    | Bought a potion of heal wounds for 85 gold pieces
 42688 | Elf:3    | Received a gift from Okawaru
 42788 | Elf:3    | Received a gift from Okawaru
 42794 | Elf:3    | Got a fine double sword {god gift}
 42798 | Elf:3    | Identified the +7 double sword of Eternal Vigilance {elec, Dex+4} (Okawaru gifted it to you on level 3 of the Elven Halls)
 43094 | Elf:3    | Got a spiked large shield
 43116 | Elf:3    | Identified the +1 large shield of Satisfaction {MR- Str+7 Int+3} (You took it off a deep elf mage on level 3 of the Elven Halls)
 43515 | Elf:3    | Received a gift from Okawaru
 43722 | Elf:3    | Got a steaming ice dragon armour
 43733 | Elf:3    | Identified the cursed +0 ice dragon armour of Karuoxob {rF- rC++ Int+7} (You found it on level 3 of the Elven Halls)
 43742 | Elf:3    | Identified Yshedusi's Guide on Fire
 43793 | Elf:3    | Got an ichor-stained chain mail {god gift}
 43804 | Elf:3    | Identified the +4 chain mail "Ygasug" {-Cast rN+ Dex+2} (Okawaru gifted it to you on level 3 of the Elven Halls)
 43840 | Elf:3    | Identified the Volume of Lucky Changing (You found it on level 3 of the Elven Halls)
 43854 | Elf:3    | Got a brightly glowing broad axe
 43855 | Elf:3    | Identified the +6 broad axe of Inquiry {venom, *Corrode rF+ MR++ SInv} (You found it on level 3 of the Elven Halls)
 44552 | D:8      | Killed Maurice
 45279 | Vaults:1 | Entered Level 1 of the Vaults
 45284 | Vaults:1 | Reached XP level 21. HP: 193/193 MP: 23/23
 45428 | Vaults:1 | Got a scorched scimitar
 45459 | Vaults:1 | Identified the +6 scimitar of the Shining Light {flame, Str+2} (You found it on level 1 of the Vaults)
 45619 | Vaults:1 | Reached skill level 5 in Stealth
 46238 | Vaults:1 | Received a gift from Okawaru
 47805 | Vaults:2 | Received a gift from Okawaru
 48219 | Vaults:3 | Found a magical portal.
 48249 | WizLab   | Entered The Hall of Daoni the Hellbinder
 48297 | WizLab   | Reached XP level 22. HP: 180/204 MP: 24/24
 48334 | WizLab   | Found a burning altar of Makhleb.
 48419 | WizLab   | Identified the Grimoire of Creation (You found it in a wizard's laboratory)
 48448 | WizLab   | Identified the Grimoire of the Escort (You found it in a wizard's laboratory)
 49752 | Vaults:3 | Noticed Margery
 49762 | Vaults:3 | Killed Margery
 50119 | Vaults:3 | Found a staircase to the Crypt.
 50752 | Vaults:4 | Reached skill level 15 in Armour
 50815 | Vaults:4 | Noticed Frederick
 50826 | Vaults:4 | Killed Frederick
 50832 | Vaults:4 | Reached skill level 27 in Shields
 51727 | Vaults:4 | Received a gift from Okawaru
 51867 | Vaults:4 | Got a smelly plate armour
 52013 | Vaults:4 | Identified the +1 plate armour "Fenyha" {rN+ Str+4} (You found it on level 4 of the Vaults)
 52076 | Vaults:4 | Gained mutation: You are weak. (Str -2) [mutagenic glow]
 52527 | Vaults:5 | Entered Level 5 of the Vaults
 52571 | Vaults:4 | Received a gift from Okawaru
 52571 | Vaults:4 | Reached XP level 23. HP: 187/214 MP: 21/25
 52590 | Vaults:4 | Got a twisted double sword {god gift}
 52591 | Vaults:4 | Identified the +1 double sword "Useshadgh" {pain, +Fly rC+ rN+ Int-2} (Okawaru gifted it to you on level 4 of the Vaults)
 52988 | Vaults:5 | Received a gift from Okawaru
 53151 | Vaults:5 | HP: 8/217 [shadow dragon/bolt of negative energy (15)]
 53471 | Vaults:5 | Received a gift from Okawaru
 53576 | Vaults:5 | Reached skill level 15 in Dodging
 53603 | Vaults:5 | Reached XP level 24. HP: 85/228 MP: 20/25
 53631 | Vaults:5 | Received a gift from Okawaru
 54003 | Vaults:5 | Got a bound jade ring
 54017 | Vaults:5 | Identified the ring of Quan {+Inv rC- MP+9 Int+3} (You took it off a vault sentinel on level 5 of the Vaults)
 54127 | Vaults:5 | Got a slimy lapis lazuli ring
 54159 | Vaults:5 | Identified the ring "Zuabay" {rPois rF+ rC- MR+ SInv} (You took it off a vault warden on level 5 of the Vaults)
 54206 | Vaults:5 | Identified a scroll of acquirement
 54263 | Vaults:5 | Got a glittering granite ring
 54745 | Vaults:5 | Got a silver rune of Zot
 55373 | Orc:2    | Bought a faintly glowing scale mail for 270 gold pieces
 55383 | Orc:2    | Identified the +1 scale mail of the Eight Boll Weevils {Str+5} (You bought it in a shop on level 2 of the Orcish Mines)
 55392 | Orc:2    | Gained mutation: You are frail (-10% HP). [mutagenic glow]
 55759 | Crypt:1  | Entered Level 1 of the Crypt
 55828 | Crypt:1  | You are sucked into a shaft!
 56085 | Crypt:2  | Got an encrusted scale mail
 56086 | Crypt:2  | Identified the ring "Pojacop" {MR+ MP+9 Str+4 Stlth+} (You took it off a yaktaur captain on level 5 of the Vaults)
 56087 | Crypt:2  | Identified the cursed +1 scale mail "Daredor" {rElec} (You found it on level 2 of the Crypt)
 56136 | Crypt:2  | Noticed Xtahua
 56145 | Crypt:2  | Killed Xtahua
 56152 | Crypt:2  | Noticed Khufu
 56661 | Crypt:2  | Received a gift from Okawaru
 57164 | Crypt:3  | Entered Level 3 of the Crypt
 58873 | Crypt:3  | Found a staircase to the Tomb.
 59926 | Crypt:3  | Noticed an ancient lich
 59932 | Crypt:3  | Noticed an ancient lich
 59947 | Crypt:3  | Killed an ancient lich
 59956 | Crypt:3  | Killed an ancient lich
 59956 | Crypt:3  | Received a gift from Okawaru
 59956 | Crypt:3  | Reached XP level 25. HP: 114/214 MP: 25/25
 59972 | Crypt:3  | Got a shimmering amber ring
 59972 | Crypt:3  | Got a crude bronze ring
 59975 | Crypt:3  | Identified the Reference Book on Necromancy
 60003 | Crypt:3  | Identified the Incunabulum of Evil and Arcane Weapons (You found it on level 3 of the Crypt)
 60013 | Crypt:3  | Identified the ring "Noytetriony" {rN+ Dex+2} (You found it on level 3 of the Crypt)
 60015 | Crypt:3  | Identified the ring "Feomnuot" {rPois rN+ MR+ Str-2} (You found it on level 3 of the Crypt)
 60744 | Crypt:1  | Reached skill level 27 in Long Blades
 61123 | Crypt:2  | Noticed a greater mummy
 61124 | Crypt:2  | Noticed a greater mummy
 61126 | Crypt:2  | Noticed a greater mummy
 61145 | Crypt:3  | Killed a greater mummy
 61282 | Crypt:3  | Killed Khufu
 61294 | Crypt:3  | Killed a greater mummy
 61671 | Crypt:2  | Killed a greater mummy
 62110 | Crypt:2  | Received a gift from Okawaru
 62113 | Crypt:2  | Got an ancient long sword {god gift}
 62114 | Crypt:2  | Identified the +2 long sword of Pumonek {elec, *Noise rF+ Str+4} (Okawaru gifted it to you on level 2 of the Crypt)
 62740 | Slime:1  | Entered Level 1 of the Pits of Slime
 62969 | Slime:1  | Reached skill level 5 in Invocations
 63386 | Slime:3  | Gained mutation: Your magical capacity is low (-10% MP). [a shining eye]
 63389 | Slime:3  | Gained mutation: Your flesh is cold resistant. [a shining eye]
 63392 | Slime:3  | Gained mutation: Armour fits poorly on your strangely shaped body. [a shining eye]
 64316 | Slime:6  | Entered Level 6 of the Pits of Slime
 64333 | Slime:6  | Received a gift from Okawaru
 64336 | Slime:6  | Got a jewelled falchion {god gift}
 64339 | Slime:6  | Identified the +9 falchion of the Whale {slice, Str+4} (Okawaru gifted it to you on level 6 of the Pits of Slime)
 64485 | Slime:6  | Gained mutation: You tend to lose your temper in combat. [a shining eye]
 64507 | Slime:6  | Gained mutation: Your magical capacity is very low (-20% MP). [a shining eye]
 64509 | Slime:6  | Gained mutation: Scrolls take you a little longer to read. [a shining eye]
 64524 | Slime:6  | Gained mutation: You expend magic power (3 MP) to strengthen your wands. [a shining eye]
 64544 | Slime:6  | Noticed the Royal Jelly
 64553 | Slime:6  | Killed the Royal Jelly
 64573 | Slime:6  | HP: 8/218 [acid (6)]
 64575 | Slime:6  | HP: 3/218 [acid[the Royal Jelly] (5)]
 64587 | Slime:6  | HP: 6/218 [acid[the Royal Jelly] (5)]
 64589 | Slime:6  | HP: 1/218 [acid blob/splash of acid (5)]
 64589 | Slime:6  | Splashed by an acid blob's acid

Skill      XL: |  1  2  3  4  5  6  7  8  9 10 11 12 13 14 15 16 17 18 19 20 21 22 23 24 25 |
---------------+----------------------------------------------------------------------------+-----
Fighting       | 4 5 7 8 9 11 12 13 14 15 16 17 18 19 21 22 23 | 23.5
Armour         | 4 5 6 7 9 10 11 12 13 14 15 16 | 16.6
Shields        | 4 5 6 7 10 12 13 15 16 18 19 21 22 23 24 25 26 27 | 27.0
Dodging        | 1 2 3 4 5 6 7 8 9 10 11 12 13 14 15 16 | 16.7
Long Blades    | 3 4 5 6 8 9 11 13 14 15 16 17 18 19 20 21 22 23 25 26 27 | 27.0
Stealth        | 1 3 4 5 6 7 8 9 |  9.0
Invocations    | 2 3 4 5 |  5.1
Evocations     | 1 |  1.8

Action                   |  1- 3 |  4- 6 |  7- 9 | 10-12 | 13-15 | 16-18 | 19-21 | 22-24 | 25-27 || total
-------------------------+-------+-------+-------+-------+-------+-------+-------+-------+-------++-------
Melee: Long sword        |    73 |   137 |   542 |   142 |   757 |  1029 |   784 |   112 |       ||  3576
       Headbutt          |     9 |    28 |   118 |   159 |   506 |   544 |   528 |   550 |   194 ||  2636
       Scimitar          |       |       |       |   581 |  1054 |    14 |   168 |       |       ||  1817
       Demon blade       |       |       |       |       |    47 |   540 |   169 |       |       ||   756
       Double sword      |       |       |       |       |       |    24 |   524 |  1356 |   505 ||  2409
Invok: Heroism           |       |       |     3 |    16 |     9 |    20 |     5 |     7 |     5 ||    65
       Finesse           |       |       |       |       |       |     1 |       |       |     1 ||     2
 Abil: Evoke Flight      |       |       |       |       |       |       |     1 |       |       ||     1
Evoke: Wand              |       |       |       |       |     2 |     3 |     6 |     3 |     4 ||    18
  Use: Potion            |       |     1 |     2 |     1 |       |     7 |       |    16 |     5 ||    32
       Scroll            |       |    13 |     7 |     9 |     8 |    13 |     8 |    16 |    10 ||    84
 Stab: Sleeping          |       |       |       |       |       |    11 |    25 |    23 |     8 ||    67
       Distracted        |       |       |       |       |       |     3 |     1 |    10 |       ||    14
  Eat: Chunk             |       |     3 |    14 |    21 |    36 |    21 |    29 |    21 |     2 ||   147
       Fruit             |       |     1 |       |       |       |     9 |     4 |     9 |       ||    23
       Beef jerky        |       |       |     1 |       |     1 |     3 |       |     5 |     1 ||    11
       Pizza             |       |       |       |       |       |     6 |       |       |       ||     6
       Royal jelly       |       |       |       |       |       |     1 |     4 |       |       ||     5
       Meat ration       |       |       |       |       |       |       |       |     1 |     2 ||     3
Armor: Scale mail        |    39 |    43 |    29 |       |       |       |       |       |    34 ||   145
       Plate armour      |       |       |   134 |   138 |       |       |       |       |       ||   272
       Chain mail        |       |       |    13 |   173 |   617 |   105 |       |       |       ||   908
       Shadow dragon arm |       |       |       |       |       |   267 |   422 |   294 |    17 ||  1000
Dodge: Dodged            |    29 |    60 |    83 |   142 |   469 |   476 |   522 |   466 |   167 ||  2414
Block: Shield            |    43 |    76 |    34 |       |       |       |       |       |       ||   153
       Large shield      |       |       |   378 |   777 |  2242 |  1918 |  1873 |  1678 |   504 ||  9370
